 Dungeon Crawl Stone Soup version 0.30-a0-1160-g6e42c06551 (webtiles) character file.

Game seed: 13287938055697075613

74 kae the Changer (level 3, -6/27 HPs)
             Began as a Demigod Transmuter on Apr 25, 2023.
             Mangled by Crazy Yiuf
             ... wielding a +2 quarterstaff of chaos
              (10 damage)
             ... on level 3 of the Dungeon.
             The game lasted 00:01:45 (2732 turns).

kae the Changer (Demigod Transmuter)                Turns: 2732, Time: 00:01:46

Health: -6/27      AC:  2    Str: 11    XL:     3   Next: 86%
Magic:  0/9        EV: 19    Int: 19    God:
Gold:   175        SH:  0    Dex: 19    Spells: 0/6 levels left

rFire   . .          .
                       - Unarmed
rCold   . . .        (shield currently unavailable)
rNeg    . . .        a - melded +2 robe
rPois   x            (helmet currently unavailable)
rElec   .            (cloak currently unavailable)
rCorr   .            (gloves currently unavailable)
SInv    .            (boots currently unavailable)
Will    .....        G - amulet of guardian spirit
Stlth   ++           (no ring)
HPRegen 0.24/turn    (no ring)
MPRegen 0.11/turn

%: guardian spirit
@: spider-form
A: venomous fangs, tiny, high MP 1, forlorn, divine attributes
a: End Transformation


You were on level 3 of the Dungeon.
You were a venomous arachnid creature.
You visited 1 branch of the dungeon, and saw 3 of its levels.

You collected 175 gold pieces.


Innate Abilities, Weirdness & Mutations

You are a venomous arachnid creature.
You have venomous fangs.
You are tiny and dextrous.
Your spellcasting is less reliable in this form.
Your armour is entirely melded.
You are incapable of wielding weapons or throwing items.
You have an increased reservoir of magic. (+10% MP)
You shall have no god before yourself.
Your divine heritage dramatically boosts your attributes as you level up.


   Skills:
 - Level 0.8 Fighting
 - Level 1.7 Dodging
 - Level 2.9 Unarmed Combat
 + Level 2.4 Spellcasting
 * Level 3.1 Transmutations
 * Level 0.9 Poison Magic


You couldn't memorise any spells.
You knew the following spells:

 Your Spells              Type           Power      Damage    Failure   Level
a - Beastly Appendage     Tmut           28%        N/A       14%         1
b - Wereblood             Tmut           14%        N/A       19%         2
c - Spider Form           Tmut/Pois      10%        N/A       43%         3

Your spell library contained the following spells:

 Spells                   Type           Power      Damage    Failure   Level
 Tukima's Dance           Hex            2%         N/A       65%         3
 Ice Form                 Ice/Tmut       8%         N/A       82%         4
 Passage of Golubria      Tloc           2%         N/A       95%         4
 Yara's Violent Unravell  Hex/Tmut       4%         3d4       98%         5

Inventory:

Missiles
 e - 3 silver javelins
 f - 8 poisoned darts
Armour
 a - a +2 robe (melded)
Jewellery
 F - a ring of fire
   (You found it on level 3 of the Dungeon)
 G - an amulet of guardian spirit (around neck)
   (You found it on level 1 of the Dungeon)
Scrolls
 g - a scroll of fear
Potions
 b - a potion of lignification {!q}
 c - a potion of magic
 d - a potion of mutation {unknown}
 h - 2 potions of heal wounds {@q2}
 j - a potion of cancellation
 l - 2 potions of invisibility
 m - 2 potions of curing {@q1}
 q - a potion of degeneration {!q}

Dungeon Overview and Level Annotations

Branches:
Dungeon (3/15) Zot: 15272

Annotations:
D:3 Crazy Yiuf

#'#.#.........# # ###########...#
# #...######## ##### #...#..†....
#..)# #...#.###### #...#
#...#.#....# ... #[..#)#.##.# #g#
#..........# ### ♣♣s♣
#...#.#.#### ## #<# ♣.♣♣
#...#.#..... .### #.# ♣♣.♣
#...#.###### ...### #.# ♣.♣♣
#...#....... .#...#####.# ♣♣.♣♣
#...######## ...........# ♣...♣♣
#........... .####.####.# ♣....♣
############ ...........# ##..##
#...........
.######....###....#####..........


You could see Crazy Yiuf (very poisoned).


Message History

There is a stone staircase leading up here.
Key pressed, stopping explore.
Unknown command. 😎 MP[+1]
Your mp is fully restored (9).
Found a runed translucent door.
Crazy Yiuf shouts!
Crazy Yiuf cries, "Spliff!"
You see here a +0 mace.
There is a stone staircase leading down here.
As you open the door, it creaks loudly!
You open the door.
There is an open door here.
There is an open door here.
There is a stone staircase leading down here.
Key pressed, stopping explore.
There is an open door here.
You see here a +0 mace.
Crazy Yiuf shouts!
Could not explore, unopened runed door.
Could not explore, unopened runed door.
Could not explore, unopened runed door.
As you read the scroll labelled ELIUMY UZOM, it crumbles to dust.
You hear the flapping of tiny wings.
It was a scroll of butterflies.
Unknown command.
As you read the scroll labelled IRHEVYDUGUS, it crumbles to dust.
Your body is wracked with pain!
It was a scroll of torment. 😮 HP[-8] MP[-3]
You take 8 damage, and now have 19/27 hp.
MASSIVE DAMAGE!! (PAUSE)
You lost 3 mp, and now have 6/9 mp.
As you read the scroll labelled KAENTO GIRI, it crumbles to dust.
The scroll dissolves into smoke.
It was a scroll of fog.
Unknown command.
As you read the scroll of identify {@r1}, it crumbles to dust.
q - a potion of degeneration
Okay, then.
As you read the scroll of enchant armour, it crumbles to dust.
Your +1 robe glows green for a moment.
You start resting.
Crazy Yiuf screams, "Adder cower pizzabubble!"
Crazy Yiuf flaps his cloak.
Crazy Yiuf laughs, "Key Orb Guardian sing!" 😕 HP[+2] MP[+1]
You regained 2 hp, and now have 21/27 hp.
Unknown command.
You start resting. 😕 HP[+1]
You start resting.
Crazy Yiuf whimpers, "Orb!
Walk Xom testudinal."
Crazy Yiuf screams, "Proton King rumpyflump!" 😕 HP[+3] MP[+2]
You regained 3 hp, and now have 25/27 hp.
Your mp is fully restored (9).
You start resting.
Your butterfly disappears in a burst of colours! x2 😎 HP[+2]
Your hp is fully restored (27).
Okay, then.
Casting: Beastly Appendage (safe; 4% risk of failure)
Confirm with . or Enter, or press ? or * to list all spells.
The spell is extremely dangerous to miscast (22% risk of failure)!
Continue anyway? [Y]es or [N]o only, please.
The spell is extremely dangerous to miscast (22% risk of failure)!
Continue anyway?
You turn into a venomous arachnid creature.
Your +2 robe melds into your body.
Crazy Yiuf says, "Crazy?
Crazy!?
PORCUPINE!" 😎 MP[-3]
You lost 3 mp, and now have 6/9 mp.
Unknown command.
You open the door. You hit Crazy Yiuf but do no damage.
Your butterfly disappears in a burst of colours!
Crazy Yiuf says, "Announcement mumblescurry snail!"
Crazy Yiuf barely misses you.
Unknown command.
You barely miss Crazy Yiuf.
Crazy Yiuf screams, "Hah illywillydillykilly seventy!"
Crazy Yiuf barely misses you.
You barely miss Crazy Yiuf.
Unknown command.
You hit Crazy Yiuf but do no damage.
Crazy Yiuf is poisoned.
Crazy Yiuf hits you with a +2 quarterstaff of chaos!!
Ouch! That really hurt!
* * * LOW HITPOINT WARNING * * *
😨 HP[-15] MP[-3]
You take 15 damage, and now have 12/27 hp.
MASSIVE DAMAGE!! (PAUSE)
You lost 3 mp, and now have 3/9 mp.
You barely miss Crazy Yiuf. Crazy Yiuf completely misses you.
You hit Crazy Yiuf. Crazy Yiuf closely misses you.
You bite Crazy Yiuf! Crazy Yiuf misses you. 😨 HP[+1] MP[+1]
You hit Crazy Yiuf but do no damage. Crazy Yiuf barely misses you.
You barely miss Crazy Yiuf.
Crazy Yiuf hits you with a +2 quarterstaff of chaos!
* * * LOW HITPOINT WARNING * * *
You are electrocuted!
You die...

Skill      XL: |  1  2  3 |
---------------+----------+-----
Transmutations | 2 3 |  3.1
Spellcasting   | 2 |  2.4
Fighting       | |  0.8
Dodging        | |  1.7
Unarmed Combat | |  2.9
Poison Magic   | |  0.9

Action                     || total
---------------------------++-------
  Melee: Unarmed           ||   119
         Kick              ||    21
         Headbutt          ||    12
         Punch             ||     2
   Cast: Beastly Appendage ||    29
         Spider Form       ||     1
    Use: Scroll            ||    13
   Stab: Sleeping          ||     1
 Armour: Robe              ||    26
  Dodge: Dodged            ||    79

Levels and vault maps discovered:
D:1:      amcnicky_arrival_underground_garden, layout_basic
D:2:      layout_basic
D:3:      layout_basic, mainiacjoe_overflow_brackets, uniq_crazy_yiuf_cottage

Notes
Turn   | Place    | Note
-------+----------+-------------------------------------------
     0 | D:1      | kae the Demigod Transmuter began the quest for the Orb.
     0 | D:1      | Reached XP level 1. HP: 15/15 MP: 5/5
     0 | D:1      | magus.rc [v1.11.3]
    52 | D:1      | Reached skill level 2 in Transmutations
   196 | D:1      | Reached skill level 2 in Spellcasting
   242 | D:1      | Reached XP level 2. HP: 17/22 MP: 5/7
   812 | D:2      | Learned a level 2 spell: Wereblood
   997 | D:2      | You add the spells Tukima's Dance, Passage of Golubria and
                  | Yara's Violent Unravelling to your library.
  1017 | D:2      | Reached XP level 3. HP: 27/27 MP: 7/9
  1021 | D:2      | Learned a level 3 spell: Spider Form
  1230 | D:2      | Reached skill level 3 in Transmutations
  2393 | D:3      | Found a runed translucent door.
  2394 | D:3      | Noticed Crazy Yiuf
  2732 | D:3      | HP: 4/27 [Crazy Yiuf/+2 quarterstaff of chaos (9)]
  2732 | D:3      | Mangled by Crazy Yiuf

Vanquished Creatures
  3 adders (D:2)
  A worm (D:2)
  2 dart slugs (D:2)
  2 ball pythons
  A bat (D:2)
  3 endoplasms
  3 giant cockroaches
  7 hobgoblins
  4 quokkas
  2 frilled lizards
  4 kobolds
  8 rats
40 creatures vanquished.

Table legend:
 A = Non-vault XP
 B = Vault XP
 C = Vault XP percentage of total XP
 D = Non-vault monster count
 E = Vault monster count
 F = Vault count percentage of total count
                 A         B        C        D         E       F
            +---------+---------+-------+---------+---------+-------
      Total |     107 |       0 |   0.0 |      40 |       0 |   0.0
            +---------+---------+-------+---------+---------+-------
        D:1 |      26 |       0 |   0.0 |      15 |       0 |   0.0
        D:2 |      71 |       0 |   0.0 |      19 |       0 |   0.0
        D:3 |      10 |       0 |   0.0 |       6 |       0 |   0.0
            +---------+---------+-------+---------+---------+-------

Skill      XL: |  1  2  3 |
---------------+----------+-----
Transmutations | 2 3 |  3.1
Spellcasting   | 2 |  2.4
Fighting       | |  0.8
Dodging        | |  1.7
Unarmed Combat | |  2.9
Poison Magic   | |  0.9

Action                     || total
---------------------------++-------
  Melee: Unarmed           ||   119
         Kick              ||    21
         Headbutt          ||    12
         Punch             ||     2
   Cast: Beastly Appendage ||    29
         Spider Form       ||     1
    Use: Scroll            ||    13
   Stab: Sleeping          ||     1
 Armour: Robe              ||    26
  Dodge: Dodged            ||    79

Illustrated notes

Table legend:
 A = Kills in this place as a percentage of kills in the entire game.
 B = Kills by you in this place as a percentage of kills by you in the entire game.
 C = Kills by friends in this place as a percentage of kills by friends in the entire game.
 D = Other kills in this place as a percentage of other kills in the entire game.
 E = Experience gained in this place as a percentage of experience gained in the entire game.
 F = Experience gained in this place divided by the number of levels of this place that you have seen.
                   A       B       C       D       E      F
               +-------+-------+-------+-------+-------+----------------------
         Total | 100.0 | 100.0 |   N/A |   N/A | 100.0 |  35.7
       Dungeon | 100.0 | 100.0 |   N/A |   N/A | 100.0 |  35.7
               +-------+-------+-------+-------+-------+----------------------

Table legend: (Time is in decaauts)
 A = Elapsed time spent in this place.
 B = Non-inter-level travel time spent in this place.
 C = Inter-level travel time spent in this place.
 D = Time resting spent in this place.
 E = Time spent auto-exploring this place.
 F = Levels seen in this place.
 G = Mean time per level.
                   A        B        C        D        E       F      G
               +--------+--------+--------+--------+--------+-----+--------+
         Total |   2726 |   2627 |     99 |     36 |   2239 |   3 |  908.7 |
       Dungeon |   2726 |   2627 |     99 |     36 |   2239 |   3 |  908.7 |
               +--------+--------+--------+--------+--------+-----+--------+

Top non-repeatable levels by time:
     D:3: 1150 daAuts
     D:1: 806 daAuts
     D:2: 769 daAuts
